 Dungeon Crawl Stone Soup version 0.20.0-10-g0535bb4 (webtiles) character file.

82 McKennaii the Skirmisher (level 4, -1/35 HPs)
             Began as a Demonspawn Fighter on June 6, 2017.
             Killed from afar by an orc wizard (10 damage)
             ... with a puff of flame
             ... on level 3 of the Dungeon.
             The game lasted 00:02:44 (1650 turns).

McKennaii the Skirmisher (Demonspawn Fighter)       Turns: 1650, Time: 00:02:44

Health: -1/35      AC:  8    Str: 17    XL:     4   Next: 21%
Magic:  4/4        EV:  7    Int:  9    God:
Gold:   43         SH:  9    Dex: 13    Spells: 3/3 levels left

rFire    . . .     SeeInvis .   a - +0 long sword
rCold    . . .     Gourm    .   c - +0 shield
rNeg     . . .     Faith    .   b - +0 scale mail
rPois    .         Spirit   .   (helmet restricted)
rElec    .         Reflect  .   (no cloak)
rCorr    .         Harm     .   (no gloves)
MR       .....                  (no boots)
Stlth    ..........             (no amulet)
Regen    0.2/turn               (no ring)
MPRegen  0.1/turn               (no ring)

@: no status effects
A: antennae 1, slimy green scales 1, powered by pain 1
a: no special abilities


You were on level 3 of the Dungeon.
You were hungry.

You visited 1 branch of the dungeon, and saw 3 of its levels.

You collected 43 gold pieces.

Inventory:

Hand Weapons
 a - a +0 long sword (weapon)
Armour
 b - a +0 scale mail (worn)
 c - a +0 shield (worn)
Jewellery
 h - an uncursed ring of poison resistance {unknown}
 n - an uncursed amulet of guardian spirit {unknown}
Scrolls
 e - a scroll of magic mapping {unknown}
 i - 3 scrolls of amnesia {unknown}
 j - 3 scrolls of identify {unknown}
 l - 5 scrolls of remove curse {unknown}
 p - a scroll of teleportation {unknown}
Potions
 d - a potion of might
 g - a potion of berserk rage
 k - 2 potions of lignification
 m - 2 potions of curing {unknown}
 o - a potion of heal wounds {unknown}
Comestibles
 f - 3 bread rations
 q - 3 fruits
 r - a meat ration


   Skills:
 + Level 3.4 Fighting
 + Level 2.8 Long Blades
 + Level 3.1 Armour
 + Level 0.5 Dodging
 + Level 3.2 Shields


You had 3 spell levels left.
You didn't know any spells.

Dungeon Overview and Level Annotations

Branches:
Dungeon (3/15)

Altars:

Annotations:
D:3 Edgeworth's ghost, amateur DDFi


Innate Abilities, Weirdness & Mutations

You have a pair of small antennae on your head.
You are partially covered in slimy green scales. (AC +2)
You sometimes gain a little power by taking damage.


Message History

You hit the orc wizard but do no damage.
The orc wizard is almost dead.
You block the orc wizard's attack.
The orc wizard hits you but does no damage.
You block the orc wizard's attack.
You completely miss the orc wizard.
The orc wizard is almost dead.
The orc wizard hits you but does no damage. x2
You block the orc wizard's attack.
You closely miss the orc wizard.
The orc wizard is almost dead.
The orc wizard mumbles some strange words.
The orc wizard blinks!
The orc wizard barely misses you. You block the orc wizard's attack.
The orc wizard points at you and mumbles some strange words.
The puff of flame hits you!
* * * LOW HITPOINT WARNING * * *
The orc wizard gestures at you while chanting.
The puff of flame hits you!
You die...

#≈..§..§# #≈..8.§§# ####
#≈.....§# .(.# ≈..8..≈ ##.#
.oo.. #### #.# ≈o≈ #...
#.##########'# #.##
#...........w######### #.#
########.#.#o..@)....### #.#
....####.#)..#######...######.#
#......##### ###........#
######## ##########


You could see a worm and an orc wizard.

Vanquished Creatures
  3 adders
  An ooze (D:1)
  A worm (D:3)
  2 dart slugs (D:1)
  A leopard gecko (D:2)
  2 bats
  4 giant cockroaches
  3 goblins
  3 hobgoblins
  4 jackals (D:2)
  9 kobolds
  A ball python (D:2)
  3 frilled lizards
  5 rats
42 creatures vanquished.

Notes
Turn   | Place    | Note
-------+----------+-------------------------------------------
     0 | D:1      | McKennaii the Demonspawn Fighter began the quest for the Orb.
     0 | D:1      | Reached XP level 1. HP: 18/18 MP: 1/1
    69 | D:1      | Gained mutation: You are partially covered in slimy green scales. (AC +2) [demonic ancestry]
    69 | D:1      | Reached XP level 2. HP: 24/24 MP: 2/2
   617 | D:1      | Gained mutation: You sometimes gain a little power by taking damage. [demonic ancestry]
   617 | D:1      | Reached XP level 3. HP: 15/29 MP: 3/3
  1143 | D:2      | Gained mutation: You have a pair of small antennae on your head. [demonic ancestry]
  1143 | D:2      | Reached XP level 4. HP: 30/35 MP: 4/4
  1446 | D:3      | Noticed Edgeworth's ghost (amateur DDFi)
  1650 | D:3      | Killed from afar by an orc wizard

Skill      XL: |  1  2 |
---------------+-------+-----
Shields        | 3 |  3.2
Long Blades    | 2 |  2.8
Armour         | 3 |  3.1
Fighting       | |  3.4
Dodging        | |  0.5

Action                   |  1- 3 |  4- 6 || total
-------------------------+-------+-------++-------
Melee: Long sword        |    96 |    42 ||   138
  Use: Potion            |     2 |       ||     2
  Eat: Chunk             |     1 |     1 ||     2
Armor: Scale mail        |    51 |    27 ||    78
       Skin              |     7 |       ||     7
Dodge: Dodged            |    37 |    12 ||    49
Block: Shield            |    51 |    20 ||    71
       Rpst.: Long sword |    15 |     2 ||    17
